 Dungeon Crawl Stone Soup version 0.17-a0-1181-gabc46e6 (webtiles) character file.

352 Kidiri the Grave Robber (level 6, -5/41 HPs)
             Began as a Demonspawn Necromancer on May 31, 2015.
             Slain by an orc wizard
             ... wielding a +1 dagger of electrocution
              (12 damage)
             ... on level 4 of the Dungeon.
             The game lasted 00:24:40 (4640 turns).

Kidiri the Grave Robber (Demonspawn Necromancer)    Turns: 4640, Time: 00:24:42

Health: -5/41      AC:  4    Str:  8 (9)  XL:     6   Next: 34%
Magic:  0/11       EV: 12    Int: 16 (18) God:
Gold:   129        SH:  0    Dex: 13      Spells: 5 memorised, 2 levels left

rFire  x . .     SeeInvis .     d - +1 short sword
rCold  + . .     Clarity  .     f - +1 leather armour
rNeg   . . .     SustAt   .     (no shield)
rPois  .         Gourm    .     (helmet restricted)
rElec  .         Spirit   +     (no cloak)
rCorr  .         Warding  .     (no gloves)
rMut   .         Stasis   .     (no boots)
MR     .....                    (no amulet)
Stlth  ++........               (no ring)
                                e - ring of ice

@: not resistant to hostile enchantments, unstealthy
A: horns 1, deterioration 1, mutation resistance 1, powered by death 1, magic
shield
a: no special abilities


You were on level 4 of the Dungeon.
You were not hungry.

You visited 1 branch of the dungeon, and saw 4 of its levels.

You collected 129 gold pieces.

Inventory:

Hand weapons
 d - a +1 short sword (weapon)
Armour
 f - a +1 leather armour (worn)
Jewellery
 e - a ring of ice (left hand)
 h - an uncursed ring of teleportation
Magical devices
 k - a wand of frost (17)
Scrolls
 i - a scroll of enchant weapon
 j - a scroll of amnesia {unknown}
Potions
 a - a potion of flight
Books
 b - a book of Necromancy

   Spells                             Type                      Level
   a - Pain                           Necromancy                   1
   b - Animate Skeleton               Necromancy                   1
   c - Vampiric Draining              Necromancy                   3
   d - Regeneration                   Charms/Necromancy            3
   e - Animate Dead                   Necromancy                   4
   f - Control Undead                 Necromancy                   4
 o - a book of Air

   Spells                             Type                      Level
   a - Shock                          Conjuration/Air              1
   b - Swiftness                      Charms/Air                   2
   c - Repel Missiles                 Charms/Air                   2
   d - Static Discharge               Conjuration/Air              3
   e - Lightning Bolt                 Conjuration/Air              5
Comestibles
 c - 3 bread rations
 g - a chunk of flesh
 m - 5 fruits


   Skills:
 + Level 2.5 Dodging
 + Level 2.9 Stealth
 * Level 3.6 Spellcasting
 + Level 1.2 Charms
 * Level 5.8 Necromancy
 + Level 1.2 Air Magic
 + Level 1.1 Evocations


You had 2 spell levels left.
You knew the following spells:

 Your Spells              Type           Power        Failure   Level  Hunger
a - Pain                  Necr           ###.         2%          1    None
b - Animate Skeleton      Necr           N/A          2%          1    None
c - Vampiric Draining     Necr           ###.......   10%         3    ###....
d - Repel Missiles        Chrm/Air       #.....       24%         2    ##.....
e - Regeneration          Chrm/Necr      ##........   21%         3    ###....


Dungeon Overview and Level Annotations

Branches:
Dungeon (4/15)
 Temple: D:4-7

Altars:
Makhleb
Vehumet


Innate Abilities, Weirdness & Mutations

You have a pair of small horns on your head.
You can steal the life force of nearby defeated enemies.
When hurt, damage is shared between your health and your magic reserves.
Your body sometimes deteriorates upon taking damage.
You are somewhat resistant to further mutation.


Message History

Anything else - Stay silent.
Gang up on whom?
Press: ? - help, Dir - move target cursor, f/p - orc wizard
Aim: an orc wizard, wielding a dagger of electrocution and wearing a robe (almost dead, fast) Attack!
The orc wizard barely misses you.
Your kobold skeleton hits the orc wizard.
The orc misses you.
Casting: Pain
Confirm with . or Enter, or press ? or * to list all spells.
Aiming: Pain
Press: ? - help, Shift-Dir - straight line, f/p - orc wizard
Aim: an orc wizard, wielding a dagger of electrocution and wearing a robe (almost dead, fast, chance to defeat MR: 80%)
The orc wizard barely resists.
The orc wizard mumbles some strange words.
The orc wizard flickers and vanishes!
Deactivating autopickup; reactivate with Ctrl-A.
Your kobold skeleton misses something.
The orc hits you.
* * * LOW HITPOINT WARNING * * *
Something hits you but does no damage.
You are electrocuted!
You die...

.##.....
..#.... #.....
####....#
#.......#
#......#
#...{o.#
#...@Z.#
##.....##
#.......#
##..#....#
#..##..###
##.# #..#
##...##..#
#........###
##..........##


You could see an orc and a friendly kobold skeleton.

Vanquished Creatures
  A scorpion (D:4)
  A crimson imp (D:3)
  An orc priest (D:4)
  A hound (D:4)
  4 worker ants (D:4)
  4 adders (D:2)
  A shadow imp (D:3)
  A worm (D:4)
  4 giant geckos
  4 orcs
  7 giant cockroaches
  7 goblins
  9 hobgoblins
  4 jackals (D:4)
  9 kobolds
  2 quokkas (D:2)
  7 bats
  5 giant newts
  4 rats
  A toadstool (D:1)
77 creatures vanquished.

Vanquished Creatures (collateral kills)
  2 goblins
  A hobgoblin (D:2)
  A bat (D:2)
4 creatures vanquished.

Vanquished Creatures (others)
  3 toadstools (D:1)
3 creatures vanquished.

Grand Total: 84 creatures vanquished

Notes
Turn   | Place    | Note
--------------------------------------------------------------
     0 | D:1      | Kidiri the Demonspawn Necromancer began the quest for the Orb.
     0 | D:1      | Reached XP level 1. HP: 13/13 MP: 3/3
     6 | D:1      | Learned a level 1 spell: Animate Skeleton
   440 | D:1      | Gained mutation: You have a pair of small horns on your head. [demonic ancestry]
   440 | D:1      | Reached XP level 2. HP: 16/19 MP: 3/5
  1199 | D:2      | Gained mutation: You can steal the life force of nearby defeated enemies. [demonic ancestry]
  1199 | D:2      | Reached XP level 3. HP: 24/24 MP: 4/6
  1278 | D:2      | Learned a level 3 spell: Vampiric Draining
  1390 | D:2      | Learned a level 2 spell: Repel Missiles
  1670 | D:2      | Reached skill level 5 in Necromancy
  2071 | D:2      | Gained mutation: Your body sometimes deteriorates upon taking damage. [potion of mutation]
  2071 | D:2      | Gained mutation: You are somewhat resistant to further mutation. [potion of mutation]
  2235 | D:2      | Reached XP level 4. HP: 28/30 MP: 8/8
  2446 | D:3      | Found a burning altar of Makhleb.
  2446 | D:3      | Found a radiant altar of Vehumet.
  2520 | D:3      | HP: 1/30 [crimson imp (4)]
  3419 | D:2      | Reached XP level 5. HP: 35/35 MP: 9/9
  3428 | D:2      | Learned a level 3 spell: Regeneration
  3627 | D:4      | Reached skill level 1 in Air Magic
  3927 | D:4      | Reached skill level 1 in Charms
  4438 | D:4      | Gained mutation: When hurt, damage is shared between your health and your magic reserves. [demonic ancestry]
  4438 | D:4      | Reached XP level 6. HP: 22/41 MP: 6/11
  4534 | D:4      | Reached skill level 1 in Evocations
  4640 | D:4      | Slain by an orc wizard

Vault maps used:
D:1:      ldierk_water_garden, minivault_14
D:2:      first_bread, due_unseen_surprise
D:3:      grunt_temple_overflow_lords_of_destruction

Action                   |  1- 3 |  4- 6 || total
-------------------------+-------+-------++-------
Melee: Short sword       |    71 |   135 ||   206
 Cast: Pain              |    33 |    53 ||    86
       Animate Skeleton  |    17 |    16 ||    33
  Use: Scroll            |     6 |     2 ||     8
       Potion            |     4 |     2 ||     6
 Stab: Sleeping          |     2 |     3 ||     5
       Distracted        |     1 |       ||     1
  Eat: Chunk             |     4 |     5 ||     9
       Royal jelly       |       |     1 ||     1
       Meat ration       |       |     1 ||     1
